SBL
FITZROY LIONS @ COBURG BANKERS
05/06/2022
 
TOP OF THE 1ST
Fitzroy Lions batting - Pitching for Coburg Bankers : RHP Cole Fepuleai
Pitching: RHP Cole Fepuleai
Batting: LHB Guarçia Dresel 0-0: Ball
1-0: Swinging Strike
1-1: Fly out, F8 (Flyball, 8LXD, EV 105.6 MPH)
Batting: RHB Cortney Edlich 0-0: Ball
1-0: Foul Ball, location: 2F
1-1: Ground out 6-3 (Groundball, 6, EV 97.5 MPH)
Batting: RHB Asa Lanyon 0-0: Ball
1-0: Ball
2-0: Foul Ball, location: 2F
2-1: Called Strike
2-2: Ball
3-2: Foul Ball, location: 3F
3-2: Strikes out swinging
Top of the 1st over - 0 runs, 0 hits, 0 errors, 0 left on base; Fitzroy 0 - Coburg 0
BOTTOM OF THE 1ST
Coburg Bankers batting - Pitching for Fitzroy Lions : LHP Ed Mac
Pitching: LHP Ed Mac
Batting: RHB Geordi Fry 0-0: Called Strike
0-1: Ground out 6-3 (Groundball, 6, EV 91.3 MPH)
Batting: LHB Todd Sparkes 0-0: Ball
1-0: Ball
2-0: Foul Ball, location: 2F
2-1: Foul Ball, location: 9LMF
2-2: Foul Ball, location: 2F
2-2: Foul Ball, location: 2RF
2-2: SOLO HOME RUN (Flyball, 9D, EV 101.9 MPH), Distance : 377 ft
Batting: RHB Jerome Tomlinson 0-0: Ball
1-0: Ball
2-0: Called Strike
2-1: Ground out 6-3 (Groundball, 6M, EV 98.8 MPH)
Batting: LHB Jamie Francis 0-0: Ball
1-0: Swinging Strike
1-1: Fly out, F8 (Flyball, 78D, EV 100.6 MPH)
Bottom of the 1st over - 1 run, 1 hit, 0 errors, 0 left on base; Fitzroy 0 - Coburg 1
TOP OF THE 2ND
Fitzroy Lions batting - Pitching for Coburg Bankers : RHP Cole Fepuleai
Batting: LHB Harry Overton 0-0: Ball
1-0: Fly out, F8 (Flyball, 8RD, EV 83.8 MPH)
Batting: RHB Jamey Goodwin 0-0: Ball
1-0: SINGLE (Line Drive, 7S, EV 108.1 MPH)
Batting: LHB Kevin Blamey 0-0: Called Strike
Pickoff Throw to First - Error! E1
Jamey Goodwin to second
0-1: Ball
1-1: Swinging Strike
1-2: Ball
2-2: Ground out 4-3 (Groundball, 4, EV 99.4 MPH)
Jamey Goodwin to third
Batting: RHB Fedele DeLaurentiis 0-0: Swinging Strike
0-1: Ball
1-1: Swinging Strike
1-2: Foul Ball, location: 2F
1-2: Strikes out swinging
Top of the 2nd over - 0 runs, 1 hit, 1 error, 1 left on base; Fitzroy 0 - Coburg 1
BOTTOM OF THE 2ND
Coburg Bankers batting - Pitching for Fitzroy Lions : LHP Ed Mac
Batting: RHB Errol Loder 0-0: Ball
1-0: Called Strike
1-1: Ball
2-1: Ball
3-1: Fly out, F7 (Flyball, 78S, EV 80.6 MPH)
Batting: RHB Vic Orpin 0-0: Ball
1-0: Foul Ball, location: 2F
1-1: Called Strike
1-2: Strikes out swinging
Batting: LHB W.C. Pybus 0-0: Called Strike
0-1: Ball
1-1: Ball
2-1: Ball
3-1: SINGLE (Groundball, 5L, EV 83.8 MPH) (infield hit)
Batting: RHB Daniel Dare 0-0: Called Strike
0-1: Foul Ball, location: 7LMFF
0-2: Strikes out swinging
Bottom of the 2nd over - 0 runs, 1 hit, 0 errors, 1 left on base; Fitzroy 0 - Coburg 1
TOP OF THE 3RD
Fitzroy Lions batting - Pitching for Coburg Bankers : RHP Cole Fepuleai
Batting: RHB Arnie Carleton 0-0: Ball
1-0: Ball
2-0: Ball
3-0: Called Strike
3-1: Base on Balls
Batting: SHB Austen Whittick 0-0: Called Strike
0-1: Ball
1-1: Ball
2-1: Sac Bunt to P - play at first, batter OUT! 1-3
Arnie Carleton to second
Batting: LHB Guarçia Dresel 0-0: Ball
1-0: Fly out, F9 (Flyball, 89XD, EV 88.8 MPH)
Runner from 2nd tags up, SAFE at 3rd, no throw by RF
Batting: RHB Cortney Edlich 0-0: Called Strike
0-1: SINGLE (Line Drive, 9S, EV 88.8 MPH)
Arnie Carleton scores
Batting: RHB Asa Lanyon 0-0: Called Strike
0-1: Ball
1-1: Foul Ball, location: 2F
1-2: Fly out, F3 (Popup, 4S, EV 80.6 MPH)
Top of the 3rd over - 1 run, 1 hit, 0 errors, 1 left on base; Fitzroy 1 - Coburg 1
BOTTOM OF THE 3RD
Coburg Bankers batting - Pitching for Fitzroy Lions : LHP Ed Mac
Batting: LHB Alan Gordon 0-0: Called Strike
0-1: Ball
1-1: Ball
2-1: Ball
3-1: Called Strike
3-2: Strikes out swinging
Batting: RHB Geordi Fry 0-0: Swinging Strike
0-1: SINGLE (Groundball, 4D, EV 101.9 MPH)
Batting: LHB Todd Sparkes 0-0: Ball
1-0: Swinging Strike
1-1: Swinging Strike
1-2: Ball
2-2: Fly out, F8 (Line Drive, 8LD, EV 87.5 MPH)
Batting: RHB Jerome Tomlinson 0-0: Called Strike
0-1: Ball
1-1: Called Strike
1-2: Ball
Geordi Fry is caught stealing 2nd base 2-4
Bottom of the 3rd over - 0 runs, 1 hit, 0 errors, 0 left on base; Fitzroy 1 - Coburg 1
TOP OF THE 4TH
Fitzroy Lions batting - Pitching for Coburg Bankers : RHP Cole Fepuleai
Batting: LHB Harry Overton 0-0: Ball
1-0: Ball
2-0: Called Strike
2-1: Ball
3-1: Base on Balls
Batting: RHB Jamey Goodwin 0-0: Called Strike
Harry Overton steals 2nd base
0-1: Called Strike
0-2: Ball
1-2: Foul Ball, location: 9LSF
1-2: Ball
2-2: Foul Ball, location: 9LDF
2-2: Foul Ball, location: 2F
2-2: Ball
3-2: Strikes out looking
Batting: LHB Kevin Blamey 0-0: Called Strike
0-1: Foul Ball, location: 7LMF
0-2: Ball
1-2: Strikes out swinging, 2-3 out at first.
Batting: RHB Fedele DeLaurentiis 0-0: Fly out, F8 (Flyball, 89M, EV 86.3 MPH)
Top of the 4th over - 0 runs, 0 hits, 0 errors, 1 left on base; Fitzroy 1 - Coburg 1
BOTTOM OF THE 4TH
Coburg Bankers batting - Pitching for Fitzroy Lions : LHP Ed Mac
Batting: RHB Jerome Tomlinson 0-0: Ball
1-0: Called Strike
1-1: Swinging Strike
1-2: Ground out 6-3 (Groundball, 6, EV 108.1 MPH)
Batting: LHB Jamie Francis 0-0: Foul Ball, location: 5F
0-1: Ball
1-1: Fly out, F7 (Flyball, 7S, EV 92.5 MPH)
Batting: RHB Errol Loder 0-0: DOUBLE (Flyball, 8RD, EV 88.8 MPH)
Batting: RHB Vic Orpin 0-0: Ball
1-0: Ball
2-0: Ball
3-0: Base on Balls
Batting: LHB W.C. Pybus 0-0: Called Strike
0-1: Ball
1-1: Fly out, F9 (Flyball, 89M, EV 95.0 MPH)
Bottom of the 4th over - 0 runs, 1 hit, 0 errors, 2 left on base; Fitzroy 1 - Coburg 1
TOP OF THE 5TH
Fitzroy Lions batting - Pitching for Coburg Bankers : RHP Cole Fepuleai
Batting: RHB Arnie Carleton 0-0: Ball
1-0: Foul Ball, location: 5F
1-1: Called Strike
1-2: Ball
2-2: Fly out, F9 (Flyball, 9, EV 100.6 MPH)
Batting: SHB Austen Whittick 0-0: Called Strike
0-1: Ground out 4-3 (Groundball, 4, EV 81.9 MPH)
Batting: LHB Guarçia Dresel 0-0: Called Strike
0-1: Called Strike
0-2: Ball
1-2: TRIPLE (Line Drive, 78XD, EV 110.0 MPH)
Batting: RHB Cortney Edlich 0-0: Swinging Strike
0-1: Ball
1-1: Foul Ball, location: 2F
1-2: Ball
2-2: Ball
3-2: Fly out, F8 (Flyball, 8RD, EV 102.5 MPH)
Top of the 5th over - 0 runs, 1 hit, 0 errors, 1 left on base; Fitzroy 1 - Coburg 1
BOTTOM OF THE 5TH
Coburg Bankers batting - Pitching for Fitzroy Lions : LHP Ed Mac
Batting: RHB Daniel Dare 0-0: Ground out 6-3 (Groundball, 6M, EV 81.9 MPH)
Batting: LHB Alan Gordon 0-0: Called Strike
0-1: Foul Ball, location: 25FF
0-2: Ball
1-2: Ball
2-2: Ball
3-2: Ground out 5-3 (Groundball, 56, EV 70.6 MPH)
Batting: RHB Geordi Fry 0-0: Ball
1-0: Foul Ball, location: 9LSF
1-1: Ground out 4-3 (Groundball, 4, EV 83.1 MPH)
Bottom of the 5th over - 0 runs, 0 hits, 0 errors, 0 left on base; Fitzroy 1 - Coburg 1
TOP OF THE 6TH
Fitzroy Lions batting - Pitching for Coburg Bankers : RHP Cole Fepuleai
Batting: RHB Asa Lanyon 0-0: Ball
1-0: Called Strike
1-1: Ball
2-1: Ball
3-1: Base on Balls
Batting: LHB Harry Overton 0-0: Foul Ball, location: 5SF
0-1: Ball
1-1: Foul Ball, location: 23F
1-2: Ball
2-2: Foul Ball, location: 5DF
2-2: Fly out, F5 (Popup, 25F, EV 82.5 MPH)
Batting: RHB Jamey Goodwin 0-0: Called Strike
0-1: Ball
1-1: Ball
2-1: Ball
3-1: Base on Balls
Asa Lanyon to second
Batting: LHB Kevin Blamey 0-0: Called Strike
0-1: Ball
1-1: Swinging Strike
1-2: Ball
2-2: Strikes out swinging
Pitching: RHP Corkie Threlfall
Batting: RHB Fedele DeLaurentiis 0-0: Ball
1-0: Ball
2-0: DOUBLE (Line Drive, 9LM, EV 101.9 MPH)
Asa Lanyon scores
Jamey Goodwin to third
Runner from 3rd tries for Home, SAFE, no throw by RF
Batting: RHB Arnie Carleton 0-0: Foul Ball, location: 25FF
0-1: Called Strike
0-2: Strikes out swinging
Top of the 6th over - 2 runs, 1 hit, 0 errors, 1 left on base; Fitzroy 3 - Coburg 1
BOTTOM OF THE 6TH
Coburg Bankers batting - Pitching for Fitzroy Lions : LHP Ed Mac
Batting: LHB Todd Sparkes 0-0: Swinging Strike
0-1: Fly out, F9 (Line Drive, 9, EV 102.5 MPH)
Batting: RHB Jerome Tomlinson 0-0: Ball
1-0: Ball
2-0: Ball
3-0: Base on Balls
Batting: LHB Jamie Francis 0-0: Ball
1-0: Fly out, F7 (Flyball, 7LM, EV 95.6 MPH)
Batting: RHB Errol Loder 0-0: Called Strike
0-1: Ball
1-1: Foul Ball, location: 25F
1-2: Foul Ball, location: 5SF
1-2: Ball
2-2: Ball
3-2: Ground out 2-3 (Groundball, 15S, EV 69.4 MPH)
Bottom of the 6th over - 0 runs, 0 hits, 0 errors, 1 left on base; Fitzroy 3 - Coburg 1
TOP OF THE 7TH
Fitzroy Lions batting - Pitching for Coburg Bankers : RHP Corkie Threlfall
Batting: SHB Austen Whittick 0-0: Ball
1-0: Ground out 4-3 (Groundball, 4MS, EV 82.5 MPH)
Batting: LHB Guarçia Dresel 0-0: Swinging Strike
0-1: Ball
1-1: Swinging Strike
1-2: Ball
2-2: Strikes out swinging
Batting: RHB Cortney Edlich 0-0: Ball
1-0: Called Strike
1-1: Ball
2-1: Ball
3-1: Foul Ball, location: 2F
3-2: Foul Ball, location: 5F
3-2: Ground out 4-3 (Groundball, 4S, EV 85.6 MPH)
Top of the 7th over - 0 runs, 0 hits, 0 errors, 0 left on base; Fitzroy 3 - Coburg 1
BOTTOM OF THE 7TH
Coburg Bankers batting - Pitching for Fitzroy Lions : LHP Ed Mac
Batting: RHB Vic Orpin 0-0: Foul Ball, location: 9LSF
0-1: Ball
1-1: Ball
2-1: Ball
3-1: Base on Balls
Pinch Hitting: RHB Fred Hakin 0-0: Foul Ball, location: 2F
0-1: Fly out, F7 (Flyball, 7D, EV 83.1 MPH)
Batting: RHB Daniel Dare 0-0: Grounds into double play, 5-4-3 (Groundball, 56, EV 106.3 MPH)
Bottom of the 7th over - 0 runs, 0 hits, 0 errors, 0 left on base; Fitzroy 3 - Coburg 1
TOP OF THE 8TH
Fitzroy Lions batting - Pitching for Coburg Bankers : RHP Corkie Threlfall
Now at 1B: Fred Hakin
Batting: RHB Asa Lanyon 0-0: Ball
1-0: SINGLE (Groundball, 25, EV 63.8 MPH) (infield hit)
Pinch Runner at 1st John Waldegrave:
Batting: LHB Harry Overton 0-0: Ball
1-0: Called Strike
1-1: Ball
2-1: Ball
3-1: Fly out, F5 (Popup, 56D, EV 63.8 MPH)
Batting: RHB Jamey Goodwin 0-0: Ball
1-0: Called Strike
1-1: Fly out, F8 (Flyball, 8RD, EV 93.1 MPH)
Batting: LHB Kevin Blamey 0-0: Ball
John Waldegrave is caught stealing 2nd base 2-6
Top of the 8th over - 0 runs, 1 hit, 0 errors, 0 left on base; Fitzroy 3 - Coburg 1
BOTTOM OF THE 8TH
Coburg Bankers batting - Pitching for Fitzroy Lions : LHP Ed Mac
Pitching: RHP Tory Kennelly
Now at 2B: Cortney Edlich
Now at 3B: Darren Sturges
Batting: LHB Alan Gordon 0-0: Ball
1-0: Fly out, F7 (Line Drive, 7S, EV 85.6 MPH)
Pinch Hitting: LHB Greg Lyons 0-0: Ground out 6-3 (Groundball, 6M, EV 83.1 MPH)
Batting: LHB Todd Sparkes 0-0: Ground out 5-3 (Groundball, 15, EV 90.0 MPH)
Bottom of the 8th over - 0 runs, 0 hits, 0 errors, 0 left on base; Fitzroy 3 - Coburg 1
TOP OF THE 9TH
Fitzroy Lions batting - Pitching for Coburg Bankers : RHP Corkie Threlfall
Pitching: RHP Glen Teale
Now at 2B: Josh Burge
Batting: LHB Kevin Blamey 0-0: Ball
1-0: Foul Ball, location: 2RF
1-1: Foul Ball, location: 3SF
1-2: Strikes out swinging
Batting: RHB Fedele DeLaurentiis 0-0: Ball
1-0: Ball
2-0: Ball
3-0: Base on Balls
Batting: RHB Arnie Carleton 0-0: Ball
1-0: Called Strike
Fedele DeLaurentiis steals 2nd base
1-1: Intentional Walk
Batting: SHB Austen Whittick 0-0: Called Strike
0-1: Foul Ball, location: 2F
0-2: Foul Ball, location: 2F
0-2: Ball
1-2: Strikes out looking
Batting: LHB Guarçia Dresel 0-0: Called Strike
0-1: Called Strike
0-2: Strikes out swinging
Top of the 9th over - 0 runs, 0 hits, 0 errors, 2 left on base; Fitzroy 3 - Coburg 1
BOTTOM OF THE 9TH
Coburg Bankers batting - Pitching for Fitzroy Lions : RHP Tory Kennelly
Pitching: LHP Len Austin
Batting: RHB Jerome Tomlinson 0-0: Ball
1-0: Ball
2-0: Swinging Strike
2-1: Ball
3-1: Ground out 6-3 (Groundball, 6, EV 105.0 MPH)
Pinch Hitting: RHB Cyril Bowman 0-0: Ball
1-0: Ground out 6-3 (Groundball, 56, EV 80.0 MPH)
Batting: RHB Errol Loder 0-0: SINGLE (Flyball, 8RS, EV 86.9 MPH)
Batting: RHB Vic Orpin 0-0: Called Strike
0-1: Ground out U3 (Groundball, 3L, EV 103.1 MPH)
Bottom of the 9th over - 0 runs, 1 hit, 0 errors, 1 left on base; Fitzroy 3 - Coburg 1
Monday, April 29th , 2024 - OOTP Baseball 24.9 Build 80